AoeStats
← BichoPalo7978

Arena

510318009Analyzed
1v1 RM · 17h ago on Sep 30, 2026· 30m 47s· 2 players
Game mode
Random Map
Map size
Tiny (2 player)
Population
200
Speed
Normal
Resources
Standard
Victory
Conquest
Starting age
Dark Age
Ending age
Imperial Age
RankedLock teamsTeams togetherTeam positionsShared explorationLock speedFull tech treeHidden civsTurbo modeCheats
Victory
Defeat
🇨🇦 Burgundians · Canada
282
+7
🇪🇸 Malay · Spain
66
-7
BichoPalo7978
0:31 Loom
12:22 Feudal Age
14:13 Double-Bit Axe
16:27 Horse Collar
21:28 Castle Age
25:30 Squires
25:16 Arson
NateWheeler
1:08 Loom
6:54 Horse Collar
8:47 Double-Bit Axe
13:48 Feudal Age
13:03 Stone Mining
14:44 Bow Saw
18:26 Castle Age
17:31 Heavy Plow
20:01 Light Cavalry
20:47 Husbandry
20:09 Cavalier
Connection lost

Rejoining the realm…

Still unreachable

The connection could not be restored.

Session expired

The server has moved on; the page needs a fresh start.